Map: Frozen Temple

Players

Talen

  • Race: Zerg Zerg
  • League: Silver
  • Spawn Location: 5:00

Fropez - Winner!

  • Race: Protoss Protoss
  • League: Gold
  • Spawn Location: 11:00

VOD

Have the link to the VOD?

Description

Time

  • Played on: Aug. 20, 2016, 10:10 a.m.
  • Length: 10:18
Show
View Real Time Build Order
Export as new Build Order

Talen Zerg 

Build Orders: Hatch First, Muta Ling Bane 

Get SALT Encoding   

  12  0:01  Drone  
  13  0:08  Drone  
  13  0:13  Extractor  
  13  0:20  Overlord  
  14  0:48  Hatchery  
  13  0:51  Drone  
  13  0:55  Drone  
  13  0:56  Drone  
  17  1:04  Drone  
  17  1:20  Spawning Pool  
  16  1:27  Drone  
  16  1:28  Drone  
  18  1:49  Overlord  
  18  1:50  Hatchery  
  18  1:53  Drone  
  18  1:57  Extractor  
  18  1:59  Drone  
  18  2:08  Queen  
  20  2:19  Drone x2  
  22  2:24  Drone x2  
  24  2:33  Drone  
  24  2:34  Drone  
  24  2:35  Drone  
  27  2:39  Queen  
  30  2:44  Drone  
  30  2:50  Drone  
  31  2:52  Drone  
  31  2:56  Queen  
  34  3:02  Overlord  
  34  3:06  Drone x2  
  36  3:20  Drone  
  36  3:21  Drone  
  36  3:23  Queen  
  40  3:28  Drone x2  
  42  3:44  Drone x2  
  45  3:48  Drone  
  45  3:49  Extractor, Baneling Nest  
  45  3:51  Drone  
  45  3:52  Drone x3  
  45  3:55  Extractor  
  46  3:58  Extractor  
  46  4:00  Extractor, Drone x2  
  46  4:01  Drone x3  
  49  4:05  Drone  
  50  4:10  Lair  
  50  4:28  Overlord x2  
  50  4:29  Overlord  
  46  4:53  Drone x5  
  46  5:06  Zergling x2  
  41  5:07  Zergling x20  
  49  5:30  Zergling x2  
  49  5:31  Zergling x10  
  49  5:33  Metabolic Boost  
  55  5:47  Drone  
  55  5:48  Drone  
  54  6:09  Zergling x2  
  54  6:10  Zergling x18  
  64  6:24  Spine Crawler  
  61  6:27  Spine Crawler x2  
  58  6:42  Drone x3  
  61  6:47  Spire  
  61  6:49  Drone x2  
  61  6:50  Centrifical Hooks, Drone x3  
  65  6:58  Overlord  
  50  7:44  Baneling  
  50  7:45  Baneling x19  
  50  7:46  Baneling x3  
  50  7:51  Drone  
  50  7:52  Drone x2  
  50  7:54  Drone  
  50  7:55  Drone x2  
  56  7:58  Drone  
  56  7:59  Drone x3  
  47  8:31  Drone  
  47  8:32  Drone x2  
  49  8:36  Drone x3  
  49  8:39  Extractor  
  51  8:41  Queen  
  51  8:46  Zergling x2  
  51  8:47  Zergling x12  
  54  9:14  Mutalisk  
  54  9:15  Mutalisk x4  
  37  9:33  Mutalisk  
  37  9:34  Mutalisk x2  
  43  9:40  Mutalisk x2  
Show
View Real Time Build Order
Export as new Build Order

Fropez Protoss - Winner!

Build Orders: 1 Gate Expand 

Get SALT Encoding   

  12  0:03  Probe (Chrono Boost)  
  13  0:16  Pylon  
  13  0:18  Probe (Chrono Boost)  
  14  0:28  Probe (Chrono Boost)  
  15  0:35  Gateway  
  15  0:39  Probe (Chrono Boost)  
  16  0:46  Pylon  
  17  0:50  Probe (Chrono Boost)  
  17  1:17  Nexus  
  17  1:19  Probe (Chrono Boost)  
  18  1:34  Cybernetics Core  
  18  1:36  Probe (Chrono Boost)  
  19  1:41  Pylon  
  20  1:47  Probe (Chrono Boost)  
  20  1:49  Assimilator  
  20  1:57  Probe (Chrono Boost)  
  21  2:08  Probe (Chrono Boost)  
  22  2:11  Gateway  
  22  2:15  Gateway  
  22  2:21  Pylon  
  22  2:23  Probe (Chrono Boost)  
  23  2:37  Assimilator  
  23  2:38  Probe  
  23  2:39  Probe  
  25  2:54  Pylon  
  25  2:55  Probe x2  
  27  3:09  Pylon, Mothership Core  
  29  3:21  Warp Gate (Chrono Boost)  
  29  3:26  Adept  
  31  3:28  Adept  
  31  3:31  Assimilator  
  31  3:33  Adept  
  35  3:37  Probe  
  35  3:41  Probe  
  36  3:47  Assimilator  
  37  3:53  Adept  
  37  3:55  Adept  
  41  4:00  Adept, Pylon  
  43  4:05  Probe  
  44  4:11  Probe  
  45  4:19  Probe  
  45  4:21  Stalker  
  45  4:22  Stalker  
  50  4:26  Pylon  
  50  4:27  Stalker  
  52  4:32  Probe x2  
  52  4:33  Pylon  
  54  5:16  Probe x2  
  54  5:17  Robotics Facility  
  52  5:22  Gateway  
  52  5:24  Gateway  
  52  5:26  Adept x2  
  52  5:28  Gateway  
  54  5:29  Probe x2, Gateway  
  56  5:41  Probe  
  55  6:05  Adept x3  
  63  6:12  Immortal  
  63  6:13  Twilight Council  
  63  6:17  Probe  
  63  6:18  Probe  
  65  6:26  Adept x2  
  65  6:27  Adept  
  69  6:47  Immortal  
  69  6:50  Resonating Glaives (Chrono Boost)  
  73  6:55  Probe x2  
  71  7:30  Sentry x4  
  71  7:31  Sentry x3, Immortal  
  71  7:35  Probe x2  
  89  7:55  Zealot x5  
  89  7:56  Zealot  
  101  8:09  Nexus  
  101  8:11  Pylon  
  101  8:14  Pylon  
  101  8:18  Pylon  
  77  8:34  Probe x2  
  78  8:46  Probe x2  
  78  9:10  Zealot x2  
  78  9:11  Zealot x2  
  86  10:03  Stalker x2  
  86  10:04  Stalker x5  
Tags
 
Add a new tag
Caveats
  • Supply blocks, unpowered buildings, or Contaminate may cause inaccurate times.
  • Supply counts are checked every 10 seconds.